 Dungeon Crawl Stone Soup version 0.28-a0-1435-g82390b3a13 (webtiles) character file.

Game seed: 11000544602957886599

6787 knot the Cleaver (level 10, -1/105 HPs)
             Began as a Demonspawn Berserker on Jan 10, 2022.
             Was an Elder of Trog.
             Slain by Pikel (4 damage)
             ... on level 8 of the Dungeon.
             The game lasted 00:25:06 (10810 turns).

knot the Cleaver (Demonspawn Berserker)            Turns: 10810, Time: 00:25:08

Health: -1/105     AC:  9    Str: 17    XL:     10   Next: 76%
Magic:  10/10      EV: 12    Int: 12    God:    Trog [****..]
Gold:   261        SH:  0    Dex: 14    Spells: 9/9 levels left

rFire   . . .      SeeInvis .   K - +1 battleaxe
rCold   . . .      Faith    .   (shield currently unavailable)
rNeg    + . .      Spirit   .   x - +0 leather armour {rPois}
rPois   +          Reflect  .   k - +2 helmet
rElec   .          Harm     .   (no cloak)
rCorr   .          Rampage  .   (no gloves)
Will    .....                   (no boots)
Stlth   ..........              (no amulet)
HPRegen 0.27/turn               g - ring of positive energy
MPRegen 0.12/turn               (no ring)

@: berserking, very quick
A: yellow scales 2, powered by death 2
a: Renounce Religion, Berserk, Trog's Hand, Brothers in Arms


You were on level 8 of the Dungeon.
You worshipped Trog.
Trog was greatly pleased with you.
You visited 2 branches of the dungeon, and saw 10 of its levels.

You collected 345 gold pieces.
You spent 84 gold pieces at shops.

Inventory:

Hand Weapons
 j - a +4 trident of pain
 o - a +1 dagger of venom
 H - a +0 vorpal war axe
 K - a +1 battleaxe (weapon)
Missiles
 A - 5 poisoned darts
 D - a curare-tipped dart
 E - 3 boomerangs (quivered)
 I - 2 datura-tipped darts
Armour
 c - a +0 scale mail
 k - a +2 helmet (worn)
 u - the +1 leather armour of Bokaxine {rPois rF- rN+ Will+}
   (You found it on level 4 of the Dungeon)

   rF:        It makes you vulnerable to fire.
   rPois:     It protects you from poison.
   rN:        It protects you from negative energy.
   Will:      It increases your willpower.
 x - a +0 leather armour of poison resistance (worn)
 B - +0 steam dragon scales
Jewellery
 a - a ring of fire
 g - a ring of positive energy (left hand)
 y - a ring of resist corrosion
Wands
 h - a wand of polymorph (9)
 n - a wand of iceblast (4)
Scrolls
 b - a scroll of silence
 f - a scroll of vulnerability
 l - 2 scrolls of enchant weapon
 m - a scroll of identify
 p - a scroll of teleportation
 s - 3 scrolls of fog
 t - a scroll of immolation
 z - a scroll of magic mapping
 F - a scroll of holy word
 G - a scroll of noise
 J - a scroll of blinking
Potions
 d - 2 potions of ambrosia
 e - a potion of heal wounds
 i - 2 potions of flight
 q - a potion of mutation {unknown}
 r - a potion of lignification {unknown}
 v - a potion of curing
 C - a potion of invisibility


   Skills:
 - Level 3.0 Fighting
 * Level 11.6 Axes
 * Level 10.2 Throwing
 - Level 1.7 Armour
 - Level 1.7 Dodging


You had 9 spell levels left.
You didn't know any spells.
Your spell library was empty.

Dungeon Overview and Level Annotations

Branches:
Dungeon (9/15)             Temple (1/1) D:6            Lair (0/6) D:9
    Orc: D:9-12

Altars:
Ashenzari
Cheibriados
Dithmenos
Elyvilon
Gozag
Hepliaklqana
Kikubaaqudgha
Makhleb
Nemelex Xobeh
Okawaru
Qazlal
Ru
Sif Muna
Trog
Uskayaw
Vehumet
Wu Jian
Xom
Yredelemnul
Zin
The Shining One

Shops:
D:1 [(=:*   D:5 *[   D:6 =   D:7 (

Annotations:
D:3 2 transporters, avis's ghost, amateur HOTm
D:8 Pikel


Innate Abilities, Weirdness & Mutations

You are mostly covered in yellow scales. (AC +3)
You regenerate health from kills.


Message History

The wolf bites you. The wolf bites you!
* * * LOW HITPOINT WARNING * * *
Pikel hits you but does no damage. The lemure hits you.
* * * LOW HITPOINT WARNING * * *
The wolf bites you but does no damage. The wolf bites you but does no damage.
The wolf bites you.
* * * LOW HITPOINT WARNING * * *
Pikel hits you with a +2 whip of flaming.
* * * LOW HITPOINT WARNING * * *
Pikel burns you. The lemure hits you but does no damage. The wolf bites you.
The wolf bites you but does no damage.
You turn to flesh and can move again.
There is a stone staircase leading down here.
You feel much better. The wolf bites you. The wolf barely misses you.
Pikel hits you with a +2 whip of flaming.
Pikel burns you. The lemure hits you but does no damage.
The wolf bites you but does no damage.
Okay, then.
A red film seems to cover your vision as you go berserk!
You feel yourself moving faster!
You feel mighty! The wolf bites you! The wolf bites you but does no damage.
Pikel hits you with a +2 whip of flaming.
Pikel burns you.
* * * LOW HITPOINT WARNING * * *
The lemure hits you.
* * * LOW HITPOINT WARNING * * *
The wolf closely misses you.
You closely miss Pikel. You hit the wolf. You slash the wolf!
You barely miss the lemure. The wolf barely misses you. The wolf bites you!
* * * LOW HITPOINT WARNING * * *
Pikel closely misses you. The lemure closely misses you.
The wolf bites you but does no damage.
You closely miss Pikel. You barely miss the wolf. You closely miss the wolf.
You slash the lemure! The wolf bites you!
* * * LOW HITPOINT WARNING * * *
The wolf closely misses you.
Pikel hits you with a +2 whip of flaming!
* * * LOW HITPOINT WARNING * * *
Pikel burns you.
You die...

#..#.#### #.##.#
##.#....# ####.##.###
#.#....#######.........#
##......#.......##.######
.##.......###..........#
.###....### #..........#
........# #..........#
[######## #..K.5.....# ##
#...@......# #...hh.....#
#....^.....# #..........#
#..........# ############


You could see Pikel, a lemure and 2 wolves.

Vanquished Creatures
  Eustachio (D:4)
  18 yaks
  2 steam dragons
  A water moccasin (D:9)
  2 black bears
  An ice beast (D:6)
  2 ogres
  An orc warrior (D:6)
  A sky beast (D:7)
  A necrophage (D:5)
  2 centaurs
  A phantom (D:6)
  A kobold brigand (D:8)
  A wyvern zombie (D:6)
  2 scorpions (D:6)
  A water moccasin skeleton (D:6)
  5 killer bees (D:8)
  10 wights (D:7)
  2 centaur zombies
  2 bullfrog skeletons
  2 bullfrog zombies (D:6)
  A centaur skeleton (D:5)
  2 hounds
  Terence (D:3)
  Natasha (thrice) (D:2)
  5 iguanas
  5 orc wizards
  A hound zombie (D:5)
  5 howler monkey zombies (D:6)
  Robin (D:2)
  8 gnolls (D:5)
  11 adders
  A shadow imp (D:7)
  2 white imps
  An ufetubus (D:5)
  2 adder skeletons (D:4)
  2 worms
  2 dart slugs
  16 orcs
  6 ball pythons
  5 endoplasms
  A giant cockroach (D:1)
  16 goblins
  10 hobgoblins
  4 jackals (D:2)
  8 kobolds
  5 quokkas
  3 bats
  8 frilled lizards
  5 rats
199 creatures vanquished.

Vanquished Creatures (collateral kills)
  4 yaks (D:8)
  A wyvern (D:8)
5 creatures vanquished.

Vanquished Creatures (others)
  A sky beast (Temple)
  An ufetubus (D:6)
  2 fungi (D:9)
  5 plants (D:9)
  5 toadstools (D:1)
14 creatures vanquished.

Grand Total: 218 creatures vanquished

Notes
Turn   | Place    | Note
-------+----------+-------------------------------------------
     0 | D:1      | knot the Demonspawn Berserker began the quest for the Orb.
     0 | D:1      | Reached XP level 1. HP: 18/18 MP: 1/1
   184 | D:1      | Found Roufuuge's Assorted Antiques.
   213 | D:1      | Found Vosmaosk's Jewellery Shoppe.
   220 | D:1      | Reached skill level 3 in Axes
   224 | D:1      | Found Ysef's Antique Weapon Boutique.
   267 | D:1      | Found Faiha's Armour Shop.
   270 | D:1      | Gained mutation: You regenerate a little health from kills.
                  | [demonic ancestry]
   270 | D:1      | Reached XP level 2. HP: 21/24 MP: 2/2
   320 | D:1      | Found a faded altar of an unknown god.
   377 | D:1      | Found Lithreshra's Book Emporium.
   776 | D:1      | Gained mutation: You are partially covered in yellow
                  | scales. (AC +2) [demonic ancestry]
   776 | D:1      | Reached XP level 3. HP: 29/29 MP: 3/3
   776 | D:1      | Reached ** piety under Trog
   880 | D:2      | Reached skill level 4 in Axes
   936 | D:2      | Noticed Natasha
   940 | D:2      | Killed Natasha
   996 | D:2      | Reached XP level 4. HP: 28/35 MP: 4/4
  1063 | D:2      | Noticed Robin
  1071 | D:2      | Noticed Natasha
  1073 | D:2      | Killed Robin
  1090 | D:2      | Killed Natasha
  1091 | D:2      | Reached skill level 5 in Axes
  1180 | D:2      | Noticed Natasha
  1193 | D:2      | Killed Natasha
  1194 | D:2      | Reached XP level 5. HP: 22/41 MP: 5/5
  1933 | D:3      | Found a transporter.
  1959 | D:3      | Found a sacrificial altar of Ru.
  1959 | D:3      | Found a broken altar of Ashenzari.
  1962 | D:3      | Noticed avis's ghost (amateur HOTm)
  1962 | D:3      | Noticed an ogre
  1963 | D:3      | Noticed an ogre
  1965 | D:3      | Found an opulent altar of Gozag.
  1967 | D:3      | Noticed an ogre
  1971 | D:3      | Found a transporter.
  2165 | D:3      | Reached skill level 1 in Throwing
  2429 | D:3      | Noticed Terence
  2449 | D:3      | Killed Terence
  2450 | D:3      | Gained mutation: You are mostly covered in yellow scales.
                  | (AC +3) [demonic ancestry]
  2450 | D:3      | Reached XP level 6. HP: 37/47 MP: 6/6
  2790 | D:3      | Reached skill level 6 in Axes
  2841 | D:3      | Reached *** piety under Trog
  3549 | D:4      | Noticed Eustachio
  3579 | D:4      | Killed Eustachio
  3580 | D:4      | Gained mutation: You regenerate health from kills. [demonic
                  | ancestry]
  3580 | D:4      | Reached XP level 7. HP: 31/52 MP: 7/7
  3824 | D:4      | Identified the +1 leather armour of Bokaxine {rPois rF- rN+
                  | Will+}
  3947 | D:5      | Entered Level 5 of the Dungeon
  4042 | D:5      | Found a shadowy altar of Dithmenos.
  4294 | D:5      | Reached skill level 7 in Axes
  4456 | D:5      | Found Yzeheoga's Antique Armour Shop.
  4873 | D:5      | Found Hoinkaon's General Store.
  4890 | D:5      | Bought a +0 leather armour of poison resistance for 84 gold
                  | pieces
  5314 | D:5      | Reached XP level 8. HP: 55/58 MP: 8/8
  5830 | D:6      | Reached skill level 5 in Throwing
  5917 | D:6      | Found an ornate altar of the Wu Jian Council.
  6099 | D:6      | Reached skill level 8 in Axes
  6139 | D:6      | Found a staircase to the Ecumenical Temple.
  6154 | D:6      | HP: 1/58 [steam dragon (5)]
  6155 | Temple   | Entered the Ecumenical Temple
  6652 | D:6      | Found a basalt altar of Yredelemnul.
  6852 | D:6      | Reached XP level 9. HP: 63/63 MP: 9/9
  7102 | D:6      | Found Riaz's Jewellery Shop.
  7360 | D:6      | Found an ancient bone altar of Kikubaaqudgha.
  7374 | D:6      | Reached skill level 9 in Axes
  7630 | D:7      | Found Feupoum's Antique Weapon Shop.
  8022 | D:7      | Found a snail-covered altar of Cheibriados.
  8022 | D:7      | Noticed a torpor snail
  8023 | D:7      | Noticed a torpor snail
  8025 | D:7      | Noticed a torpor snail
  8243 | D:7      | You fall into a shaft and drop 2 floors!
  8298 | D:9      | Reached skill level 10 in Axes
  8379 | D:8      | Reached **** piety under Trog
  8391 | D:8      | Reached XP level 10. HP: 70/70 MP: 10/10
  9938 | D:8      | Reached skill level 11 in Axes
 10159 | D:8      | Found a burning altar of Makhleb.
 10160 | D:8      | Noticed an angel
 10160 | D:8      | Noticed a balrug
 10253 | D:8      | Reached skill level 10 in Throwing
 10789 | D:9      | Found a staircase to the Lair.
 10789 | D:9      | Noticed Pikel
 10810 | D:8      | HP: 3/105 [Pikel (12)]
 10810 | D:8      | Slain by Pikel

Illustrated notes

Levels and vault maps discovered:
D:1:      ldierk_walled_garden, layout_basic, serial_shops,
          nicolae_shop_temple_entry_statues_fountains,
          nicolae_shop_behind_doors, shop_fountains, shop,
          nicolae_shop_temple_entry_statues_fountains,
          hellmonk_ecumenical_altar_arch_garden
D:2:      layout_rooms, uniq_robin, uniq_natasha
D:3:      layout_basic, grunt_temple_overflow_open, gammafunk_ghost_smash,
          uniq_terence
D:4:      layout_basic, uniq_eustachio
D:5:      layout_loops_ring, nicolae_dithmenos_the_darkroom, serial_shops,
          nicolae_shop_waterfront, nicolae_shop_waterfront
D:6:      layout_layer_cave, mainiacjoe_overflow_boulevard,
          nicolae_yredelemnul_corpse_copse, mainiacjoe_overflow_small_starburst,
          minmay_temple_entry_ruins, serial_shops, shop
D:7:      layout_basic, cheibriados_altar_2, serial_shops, shop,
          small_statue_intersection
D:8:      layout_rooms, grunt_temple_overflow_order_and_chaos_2
D:9:      layout_loops_ring, mainiacjoe_overflow_24_doors,
          minmay_lair_entry_grove, minmay_ruined_shrine, uniq_pikel
Temple:   jpeg_temple_clearing

Skill      XL: |  1  2  3  4  5  6  7  8  9 10 |
---------------+-------------------------------+-----
Axes           | 3 4 5 6 7 8 10 11 | 11.6
Throwing       | 1 3 4 6 8 10 | 10.2
Fighting       | |  3.0
Armour         | |  1.7
Dodging        | |  1.7

Action                   |  1- 3 |  4- 6 |  7- 9 | 10-12 || total
-------------------------+-------+-------+-------+-------++-------
Melee: Hand axe          |    85 |   283 |   346 |       ||   714
       Punch             |     1 |     3 |     5 |     1 ||    10
       War axe           |       |       |    29 |    27 ||    56
       Battleaxe         |       |       |       |    82 ||    82
Throw: Stone             |       |     8 |     5 |       ||    13
       Dart              |       |       |    39 |    23 ||    62
       Boomerang         |       |       |    15 |     1 ||    16
Invok: Berserk           |     2 |     4 |    10 |     6 ||    22
       Trog's Hand       |       |     1 |     3 |     1 ||     5
       Brothers in Arms  |       |       |     1 |       ||     1
Evoke: Wand              |       |     2 |     6 |     7 ||    15
  Use: Potion            |       |     2 |     4 |     2 ||     8
       Scroll            |       |       |       |    12 ||    12
Armor: Scale mail        |    47 |   181 |    26 |       ||   254
       Animal skin       |     1 |       |       |       ||     1
       Leather armour    |       |       |    89 |    65 ||   154
Dodge: Dodged            |    44 |   176 |   212 |    91 ||   523

Table legend: (Time is in decaauts)
 A = Elapsed time spent in this place.
 B = Non-inter-level travel time spent in this place.
 C = Inter-level travel time spent in this place.
 D = Time resting spent in this place.
 E = Time spent auto-exploring this place.
 F = Levels seen in this place.
 G = Mean time per level.
                   A        B        C        D        E       F      G
               +--------+--------+--------+--------+--------+-----+--------+
         Total |  10966 |  10753 |    213 |   3231 |   5599 |  10 | 1096.6 |
       Dungeon |  10714 |  10519 |    195 |   3144 |   5493 |   9 | 1190.4 |
        Temple |    251 |    233 |     18 |     87 |    106 |   1 |  251.0 |
               +--------+--------+--------+--------+--------+-----+--------+

Top non-repeatable levels by time:
     D:6: 1842 daAuts
     D:7: 1745 daAuts
     D:5: 1480 daAuts
     D:8: 1348 daAuts
     D:3: 1171 daAuts
     D:4: 1087 daAuts
     D:2: 1014 daAuts
     D:1: 881 daAuts
  Temple: 251 daAuts
     D:9: 141 daAuts
